 Dungeon Crawl Stone Soup version 0.18.1-6-gd335043 (webtiles) character file.

684 Liquid the Insei (level 7, -6/41 HPs)
             Began as a Vine Stalker Monk on May 17, 2016.
             Was a Priest of Cheibriados.
             Mangled by an ice beast (11 damage)
             ... on level 6 of the Dungeon.
             The game lasted 00:15:50 (3951 turns).

Liquid the Insei (Vine Stalker Monk)                Turns: 3951, Time: 00:15:51

Health: -6/41      AC:  4    Str: 20    XL:     7   Next: 62%
Magic:  0/9        EV: 15    Int: 17    God:    Cheibriados [***...]
Gold:   160        SH:  0    Dex: 21    Spells: 0 memorised, 6 levels left

rFire  + . .     SeeInvis .       - Unarmed
rCold  . . .     Gourm    .     s - +0 leather armour
rNeg   . . .     Faith    .     (no shield)
rPois  .         Spirit   +     (no helmet)
rElec  .         Dismiss  .     a - +0 cloak
rCorr  .         Reflect  .     (no gloves)
SustAt .         Harm     .     (no boots)
MR     .....                    (no amulet)
Stlth  ++........               (no ring)
                                (no ring)

@: very slow, not resistant to hostile enchantments, unstealthy
A: fangs 2, clumsy 1, fire resistance 1, regeneration 2, robust 1, magic shield,
antimagic bite, no device heal 3, rot immunity
a: Bend Time, Temporal Distortion, Renounce Religion


You were on level 6 of the Dungeon.
You worshipped Cheibriados.
Cheibriados was most pleased with you.
You were hungry.

You visited 2 branches of the dungeon, and saw 7 of its levels.

You collected 160 gold pieces.

Inventory:

Missiles
 h - 5 needles of confusion
 p - 67 poisoned needles
Armour
 a - a +0 cloak (worn)
 s - a +0 leather armour (worn)
Scrolls
 c - a scroll of recharging
 l - 4 scrolls of remove curse
 n - a scroll of enchant weapon
 v - 2 scrolls of magic mapping
 w - a scroll of identify
Potions
 d - a potion of ambrosia
 i - 2 potions of curing {unknown}
 j - a potion of might {unknown}
 m - 2 potions of heal wounds {unknown}
 q - a potion of cancellation {unknown}
 r - a potion of lignification {unknown}
 t - a potion of haste {unknown}
 u - a potion of brilliance {unknown}
Comestibles
 b - 5 bread rations
 g - a fruit
 k - 4 beef jerkies
 o - 4 meat rations


   Skills:
 + Level 4.6 Fighting
 + Level 1.9 Armour
 + Level 4.1 Dodging
 - Level 2.4 Stealth
 + Level 5.7 Unarmed Combat
 + Level 2.3 Invocations


You had 6 spell levels left.
You didn't know any spells.

Dungeon Overview and Level Annotations

Branches:
Dungeon (6/15)             Temple (1/1) D:4

Altars:
Ashenzari
Cheibriados
Dithmenos
Elyvilon
Gozag
Kikubaaqudgha
Makhleb
Nemelex Xobeh
Okawaru
Pakellas
Qazlal
Ru
Sif Muna
Trog
Vehumet
Yredelemnul
The Shining One

Shops:
D:4 (   D:5 (

Annotations:
D:6 Eustachio, Sigmund


Innate Abilities, Weirdness & Mutations

You have extremely sharp teeth.
You heal very quickly.
When hurt, damage is shared between your health and your magic reserves.
Your bite disrupts and absorbs the magic of your enemies.
Potions and wands cannot restore your health.
You are immune to rotting.
You are clumsy. (Dex -2)
Your flesh is heat resistant.
You are robust (+10% HP).


Message History

The ice beast hits you. The ice beast freezes you!
* * * LOW HITPOINT WARNING * * *
Drink which item? (? for menu, Esc to quit)
Okay, then.
Read which item? (? for menu, Esc to quit)
Okay, then.
Drink which item? (? for menu, Esc to quit)
Okay, then.
The flow of time bends around you.
Cheibriados rebukes the ice beast.
The ice beast seems to slow down.
You feel slightly more hungry. Something barely misses you.
Unknown command.
Drink which item? (? for menu, Esc to quit)
It was a potion of mutation.
You feel extremely strange.
You feel resistant to heat.
You feel robust.
You feel clumsy. The ice beast hits you.
* * * LOW HITPOINT WARNING * * *
The ice beast freezes you!
You die...

... ..# #.# #...§§^# #Y#
#.^≈_#^#.#.# #.^#.≈.#.#.#
#..^.......## ......##.Y##
..P. #.#@# #### P PP###...#
#... PP....#.#### #.##
#.PPPP#........##########.##
##PPP####.#..............(..
#.## #.....)############# #
###.#### #.# #.#


You could see an ice beast.

Vanquished Creatures
  A phantom (D:5)
  A centaur (D:5)
  Blork the orc (D:5)
  A centaur zombie (D:5)
  A hound (D:4)
  A centaur skeleton (D:5)
  2 orc priests (D:3)
  2 orc wizards (D:5)
  Natasha (twice) (D:2)
  An iguana (D:4)
  4 adders
  3 shadow imps
  An adder skeleton (D:6)
  A worm (D:2)
  A dart slug (D:2)
  3 giant geckos
  8 orcs
  2 ball pythons (D:1)
  9 bats
  7 giant cockroaches
  10 goblins
  4 hobgoblins
  12 jackals
  2 quokkas (D:2)
  5 giant newts
  6 kobolds
  7 rats
98 creatures vanquished.

Notes
Turn   | Place    | Note
--------------------------------------------------------------
     0 | D:1      | Liquid the Vine Stalker Monk began the quest for the Orb.
     0 | D:1      | Reached XP level 1. HP: 11/11 MP: 2/2
    99 | D:1      | Reached XP level 2. HP: 16/16 MP: 3/3
   572 | D:1      | Reached XP level 3. HP: 20/20 MP: 2/4
   703 | D:2      | Found a shattered altar of Ashenzari.
   709 | D:2      | Found a radiant altar of Vehumet.
   903 | D:2      | Noticed Natasha
   922 | D:2      | Killed Natasha
   922 | D:2      | Reached XP level 4. HP: 12/24 MP: 3/5
   964 | D:2      | Found a deep blue altar of Sif Muna.
  1311 | D:2      | Noticed Natasha
  1325 | D:2      | Killed Natasha
  1372 | D:3      | Reached XP level 5. HP: 7/29 MP: 4/6
  1524 | D:3      | Found a sparkling altar of Nemelex Xobeh.
  1525 | D:3      | Found an opulent altar of Gozag.
  1657 | D:3      | Reached skill level 5 in Unarmed Combat
  1658 | D:3      | Found a bloodstained altar of Trog.
  2440 | D:4      | Found a staircase to the Ecumenical Temple.
  2451 | Temple   | Entered the Ecumenical Temple
  2511 | Temple   | Became a worshipper of Cheibriados the Contemplative
  2511 | Temple   | Reached * piety under Cheibriados
  2511 | Temple   | Reached ** piety under Cheibriados
  2544 | D:4      | Gained mutation: You heal very quickly. [Vine Stalker growth]
  2544 | D:4      | Reached XP level 6. HP: 33/33 MP: 7/7
  2697 | D:4      | Found Zaluilaf's Antique Weapon Shop.
  2891 | D:5      | Entered Level 5 of the Dungeon
  2895 | D:5      | Found a sacrificial altar of Ru.
  2919 | D:5      | Noticed Blork the orc
  2932 | D:5      | Killed Blork the orc
  2932 | D:5      | Reached skill level 1 in Armour
  2932 | D:5      | Reached skill level 1 in Invocations
  3072 | D:5      | Found an iron altar of Okawaru.
  3072 | D:5      | Found a basalt altar of Yredelemnul.
  3239 | D:5      | Found a glowing golden altar of the Shining One.
  3256 | D:5      | Reached XP level 7. HP: 13/38 MP: 9/9
  3584 | D:5      | Reached *** piety under Cheibriados
  3749 | D:5      | Found Jiny's Weapon Shoppe.
  3870 | D:6      | Found a white marble altar of Elyvilon.
  3876 | D:6      | Noticed Eustachio
  3931 | D:6      | Found a stormy altar of Qazlal.
  3938 | D:6      | Noticed Sigmund
  3951 | D:6      | Gained mutation: Your flesh is heat resistant. [potion of mutation]
  3951 | D:6      | Gained mutation: You are robust (+10% HP). [potion of mutation]
  3951 | D:6      | Gained mutation: You are clumsy. (Dex -2) [potion of mutation]
  3951 | D:6      | Mangled by an ice beast

Skill      XL: |  1  2  3  4  5  6  7 |
---------------+----------------------+-----
Fighting       | 3 4 |  4.6
Dodging        | 3 4 |  4.1
Unarmed Combat | 5 |  5.7
Armour         | 1 |  1.9
Invocations    | 1 2 |  2.3
Stealth        | |  2.4

Action                   |  1- 3 |  4- 6 |  7- 9 || total
-------------------------+-------+-------+-------++-------
Melee: Unarmed           |    97 |   192 |    52 ||   341
       Bite              |    25 |    65 |    30 ||   120
       Punch             |     3 |     6 |     1 ||    10
Invok: Bend Time         |       |       |     1 ||     1
  Use: Scroll            |     2 |     6 |       ||     8
       Potion            |       |       |     2 ||     2
 Stab: Sleeping          |     3 |     8 |     1 ||    12
  Eat: Chunk             |       |     6 |     1 ||     7
Armor: Robe              |     8 |    11 |       ||    19
       Leather armour    |       |    19 |     5 ||    24
Dodge: Dodged            |    52 |   136 |    31 ||   219
